 Dungeon Crawl Stone Soup version 0.29-a0-1009-g60c99734e7 (webtiles) character file.

Game seed: 18033867676279906360

20 nickcage the Cudgeller (level 2, -8/26 HPs)
             Began as a Minotaur Monk on Aug 8, 2022.
             Mangled by a worm (9 damage)
             ... on level 2 of the Dungeon.
             The game lasted 00:01:19 (1190 turns).

nickcage the Cudgeller (Minotaur Monk)              Turns: 1190, Time: 00:01:19

Health: -8/26      AC:  3    Str: 15    XL:     2   Next: 58%
Magic:  1/1        EV: 12    Int:  7    God:
Gold:   81         SH:  0    Dex: 12    Spells: 1/1 levels left

rFire   . . .      SeeInvis .   a - +0 mace
rCold   . . .      Faith    .   (no shield)
rNeg    . . .      Spirit   .   b - +0 robe
rPois   .          Reflect  .   (helmet restricted)
rElec   .          Harm     .   g - +0 cloak
rCorr   .          Rampage  .   (no gloves)
Will    .....                   (no boots)
Stlth   ++........              (no amulet)
HPRegen 0.08/turn               (no ring)
MPRegen 0.07/turn               (no ring)

@: no status effects
A: horns 2, retaliatory headbutt
a: no special abilities


You were on level 2 of the Dungeon.
You visited 1 branch of the dungeon, and saw 2 of its levels.

You collected 81 gold pieces.

Inventory:

Hand Weapons
 a - a +0 mace (weapon)
Armour
 b - a +0 robe (worn)
 g - a +0 cloak (worn)
Scrolls
 d - a scroll of teleportation {unknown}
 e - a scroll of immolation {unknown}
 f - a scroll of fog {unknown}
Potions
 c - a potion of ambrosia


   Skills:
 - Level 3.6 Fighting
 + Level 4.8 Maces & Flails
 - Level 3.2 Dodging
 - Level 1.5 Stealth


You had one spell level left.
You didn't know any spells.
Your spell library was empty.

Dungeon Overview and Level Annotations

Branches:
Dungeon (2/15)

Altars:

Shops:
D:1 [


Innate Abilities, Weirdness & Mutations

You have a pair of horns on your head.
You reflexively headbutt those who attack you in melee.


Message History

The hobgoblin is severely wounded.
The hobgoblin misses you.
You barely miss the hobgoblin. Your headbutt misses the hobgoblin.
The hobgoblin is severely wounded.
A quokka comes into view.
The hobgoblin hits you but does no damage.
You barely miss the hobgoblin.
The hobgoblin is severely wounded.
The hobgoblin hits you.
You hit the hobgoblin.
You kill the hobgoblin!
You closely miss the quokka. Your headbutt misses the quokka.
The quokka barely misses you. You furiously retaliate!
You headbutt the quokka!
You kill the quokka!
A worm comes into view.
You see here a hobgoblin corpse.
You hit the worm.
The worm is moderately wounded.
A frilled lizard comes into view.
The worm bites you.
The frilled lizard hisses angrily.
You hit the worm. You headbutt the worm!
The worm is almost dead.
The worm closely misses you.
You hit the worm.
The worm is almost dead.
The worm bites you!
You are too injured to fight recklessly!
You are too injured to fight recklessly!
You hit the worm.
You headbutt the worm, but do no damage.
The worm is almost dead.
You hit the worm. Your headbutt misses the worm.
The worm is almost dead.
The worm bites you!
* * * LOW HITPOINT WARNING * * *
You barely miss the worm.
The worm is almost dead.
The worm bites you!
You die...

.. #.# #.# #.# ##
#.### # # #. ....
..(
#...##.##.###....
#..$...@.....###.
#...##w##<.......
# #l ####..... #.
##.. #. .. #. ##


You could see a worm and a frilled lizard.

Vanquished Creatures
  A dart slug (D:1)
  2 ball pythons (D:1)
  A bat (D:1)
  4 endoplasms (D:1)
  A hobgoblin (D:2)
  3 kobolds (D:1)
  A quokka (D:2)
  4 rats (D:1)
17 creatures vanquished.

Notes
Turn   | Place    | Note
-------+----------+-------------------------------------------
     0 | D:1      | nickcage the Minotaur Monk began the quest for the Orb.
     0 | D:1      | Reached XP level 1. HP: 19/19 MP: 0/0
   398 | D:1      | Reached skill level 4 in Maces & Flails
   722 | D:1      | Reached XP level 2. HP: 26/26 MP: 1/1
   844 | D:1      | Found Domuos's Antique Armour Shop.
  1189 | D:2      | HP: 1/26 [worm (7)]
  1190 | D:2      | Mangled by a worm

Illustrated notes

Levels and vault maps discovered:
D:1:      lightli_arrival_chessboard, layout_loops_corners, serial_shops,
          nicolae_shop_competitors_out_of_business, minmay_pentomino_x2
D:2:      layout_loops_ring

Skill      XL: |  1 |
---------------+----+-----
Maces & Flails | 4 |  4.8
Fighting       | |  3.6
Dodging        | |  3.2
Stealth        | |  1.5

Action                   || total
-------------------------++-------
Melee: Mace              ||    40
       Punch             ||     1
       Headbutt          ||     3
 Stab: Sleeping          ||     4
Armor: Robe              ||     7
Dodge: Dodged            ||    14

Table legend: (Time is in decaauts)
 A = Elapsed time spent in this place.
 B = Non-inter-level travel time spent in this place.
 C = Inter-level travel time spent in this place.
 D = Time resting spent in this place.
 E = Time spent auto-exploring this place.
 F = Levels seen in this place.
 G = Mean time per level.
                   A        B        C        D        E       F      G
               +--------+--------+--------+--------+--------+-----+--------+
         Total |   1196 |   1156 |     40 |      0 |   1033 |   2 |  598.0 |
       Dungeon |   1196 |   1156 |     40 |      0 |   1033 |   2 |  598.0 |
               +--------+--------+--------+--------+--------+-----+--------+

Top non-repeatable levels by time:
     D:1: 1180 daAuts
     D:2: 16 daAuts
